 Dungeon Crawl Stone Soup version 0.17-a0-737-gf0a300a (webtiles) character file.

69 Ngotmuk the Shield-Bearer (level 4, -1/42 HPs)
             Began as a Deep Dwarf Fighter on May 6, 2015.
             Killed from afar by kinazarov's ghost (7 damage)
             ... with a magic dart
             ... on level 3 of the Dungeon.
             The game lasted 00:05:19 (2006 turns).

Ngotmuk the Shield-Bearer (Deep Dwarf Fighter)      Turns: 2006, Time: 00:05:19

Health: -1/42      AC:  7    Str: 21    XL:     4   Next: 2%
Magic:  4/4        EV:  7    Int:  8    God:
Gold:   104        SH:  9    Dex: 12    Spells: 0 memorised, 3 levels left

rFire  + . .     SeeInvis .     m - +2 whip (pain)
rCold  . . .     Clarity  .     b - +0 scale mail
rNeg   . . .     SustAb   .     c - +0 shield
rPois  .         Gourm    .     (no helmet)
rElec  .         Spirit   .     (no cloak)
rCorr  .         Warding  .     (no gloves)
rMut   .         Stasis   .     (no boots)
MR     .....                    (no amulet)
Stlth  ..........               r - ring of protection from fire
                                (no ring)

@: lethally poisoned (-1 -> -1), non-regenerating, not resistant to hostile
enchantments, extremely unstealthy
A: damage resistance, recharge devices, sense surroundings 1, slow healing 3
a: Device Recharging


You were on level 3 of the Dungeon.
You were not hungry.

You visited 1 branch of the dungeon, and saw 3 of its levels.

You collected 104 gold pieces.

Inventory:

Hand weapons
 a - a +0 war axe
 m - a +2 whip of pain (weapon)
Missiles
 h - 2 tomahawks (quivered)
Armour
 b - a +0 scale mail (worn)
 c - a +0 shield (worn)
Jewellery
 i - an uncursed ring of teleportation
 r - a ring of protection from fire (right hand)
 t - an uncursed ring of ice
Magical devices
 e - a wand of heal wounds (5)
Scrolls
 g - a scroll of fog {unknown}
 l - 2 scrolls of enchant armour {unknown}
 n - a scroll of enchant weapon {unknown}
 o - 3 scrolls of identify
 p - a scroll of recharging {unknown}
 s - a scroll of noise {unknown}
 v - 2 scrolls of immolation {unknown}
 y - a scroll of amnesia {unknown}
Potions
 d - 3 potions of might
 j - 2 potions of heal wounds {unknown}
 k - 2 potions of curing
 q - a potion of brilliance {unknown}
 u - a potion of degeneration {unknown}
 w - a potion of poison {unknown}
 x - 2 potions of agility {unknown}
 z - a potion of resistance {unknown}
Comestibles
 f - a bread ration


   Skills:
 + Level 3.3 Fighting
 + Level 2.9 Axes
 + Level 3.8 Armour
 + Level 4.0 Shields


You had 3 spell levels left.
You didn't know any spells.

Dungeon Overview and Level Annotations

Branches:
Dungeon (3/15)

Altars:
Nemelex Xobeh

Annotations:
D:3 kinazarov's ghost, average DECj


Innate Abilities, Weirdness & Mutations

You are resistant to damage.
You can recharge devices by infusing magical energy.
You passively map a small area around you.
You do not heal naturally.


Message History

Kinazarov's ghost is moderately damaged.
Kinazarov's ghost hits you but does no damage.
Kinazarov's ghost closely misses you.
You barely miss kinazarov's ghost.
Kinazarov's ghost is moderately damaged.
Kinazarov's ghost gestures at you while chanting.
The magic dart hits you!
* * * LOW HITPOINT WARNING * * *
You closely miss kinazarov's ghost.
Kinazarov's ghost is lightly damaged.
Kinazarov's ghost completely misses you.
You hit kinazarov's ghost.
Kinazarov's ghost is moderately damaged.
Kinazarov's ghost gestures at you while chanting.
The magic dart hits you!
You hit kinazarov's ghost.
Kinazarov's ghost is heavily damaged.
Kinazarov's ghost casts a spell at you. The magic dart hits you!
You die...

#.(..# * ... ,
#....# .... * *
#....# * * ..#
#....#* , ..##
##.####.# * * ... *
* * ...)....# #..,,
##.###### #.#,
#.......# #W# *
##..###.# #@# #..#
#.# #.# #... #.# #.#
* #.##.#.# #(# #.#
.#.########.#.#
*#..,,#............#
###,,#.#.######.###
#...# #.# ##### #..
,


You could see kinazarov's ghost.

Vanquished Creatures
  Jessica (D:3)
  An adder (D:2)
  A giant gecko (D:1)
  4 bats
  A giant cockroach (D:1)
  6 hobgoblins
  6 kobolds
  4 giant newts
  3 goblins
  2 jackals (D:1)
  2 quokkas (D:2)
  2 rats (D:2)
33 creatures vanquished.

Notes
Turn   | Place    | Note
--------------------------------------------------------------
     0 | D:1      | Ngotmuk, the Deep Dwarf Fighter, began the quest for the Orb.
     0 | D:1      | Reached XP level 1. HP: 20/20 MP: 1/1
   337 | D:1      | Reached XP level 2. HP: 24/27 MP: 2/2
   955 | D:2      | Reached XP level 3. HP: 25/34 MP: 3/3
  1299 | D:2      | Found a sparkling altar of Nemelex Xobeh.
  1959 | D:3      | Noticed Jessica
  1974 | D:3      | Killed Jessica
  1974 | D:3      | Reached skill level 4 in Shields
  1974 | D:3      | Reached XP level 4. HP: 16/42 MP: 4/4
  1995 | D:3      | Noticed kinazarov's ghost (average DECj)
  2006 | D:3      | Killed from afar by kinazarov's ghost

Action                   |  1- 3 |  4- 6 || total
-------------------------+-------+-------++-------
Melee: Whip              |   118 |     7 ||   125
       War axe           |     5 |       ||     5
Throw: Tomahawk          |     2 |       ||     2
  Use: Scroll            |     3 |       ||     3
  Eat: Bread ration      |     1 |       ||     1
